[Event "EYCC Open-U16 2019"]
[Site "Bratislava"]
[Date "2019.08.08"]
[Round "7.17"]
[White "Risteski, Emil"]
[Black "Alonso Garcia, Aaron"]
[Result "0-1"]
[ECO "B47"]
[WhiteElo "2150"]
[BlackElo "2248"]
[Annotator "NA"]
[PlyCount "128"]
[EventDate "2019.08.02"]
[EventType "swiss"]
[EventCountry "SVK"]
[SourceTitle "playchess.com"]
[Source "ChessBase"]
[SourceQuality "1"]
[TimeControl "40/5400+30:1800+30"]

1. e4 c5 2. Nf3 e6 3. d4 cxd4 4. Nxd4 Nc6 5. Nc3 Qc7 6. g3 a6 7. Bg2 Nf6 8. O-O Nxd4 9. Qxd4 Bc5 10. Qd3 O-O 11. Bf4 d6 12. Rad1 Ne8 13. Na4 e5 14. Nxc5 dxc5 15. Be3 Be6 16. Qc3 Rc8 17. f4 f6 18. f5 Bf7 19. g4 Nd6 20. g5 Rfd8 21. gxf6 gxf6 22. Bh6 Kh8 23. Qg3 Ne8 24. Kh1 Bh5 25. Rde1 Qf7 26. Rg1 Nd6 27. Bf3 Bxf3+ 28. Qxf3 Rg8 29. Rxg8+ Rxg8 30. Rd1 Nxe4 31. Be3 Ng5 32. Bxg5 Rxg5 33. Rd8+ Rg8 34. Qd5 Qxd5+ 35. Rxd5 Kg7 36. Kg2 Kf7+ 37. Kf3 Ke7 38. Rxc5 Kd6 39. Rc3 Rg5 40. Rd3+ Kc7 41. Rc3+ Kd7 42. Rd3+ Ke7 43. Ke4 h5 44. Rb3 Rg4+ 45. Kd5 b5 46. Ra3 Rd4+ 47. Kc5 Rc4+ 48. Kd5 Rxc2 49. Rxa6 Rd2+ 50. Kc5 Rxh2 51. Ra7+ Kf8 52. Kd5 Rc2 53. Ke6 Rc6+ 54. Kd7 Rc4 55. Ke6 Ra4 56. Rb7 Ra6+ 57. Kd5 Rxa2 58. Rxb5 Kg7 59. b4 Kh6 60. Rb8 Kg5 61. Ke6 e4 62. b5 Rb2 63. Rg8+ Kf4 64. Kxf6 Rxb5 0-1

[Event "EYCC Open-U16 2019"]
[Site "Bratislava"]
[Date "2019.08.08"]
[Round "7.18"]
[White "Niedbala, Bartlomiej"]
[Black "Kacharava, Nikolozi"]
[Result "1/2-1/2"]
[ECO "A41"]
[WhiteElo "2152"]
[BlackElo "2431"]
[Annotator "NA"]
[PlyCount "99"]
[EventDate "2019.08.02"]
[EventType "swiss"]
[EventCountry "SVK"]
[SourceTitle "playchess.com"]
[Source "ChessBase"]
[SourceQuality "1"]
[TimeControl "40/5400+30:1800+30"]

1. d4 d6 2. Bf4 Nf6 3. e3 Nbd7 4. Nf3 Nh5 5. Bg5 h6 6. Bh4 g5 7. Nfd2 Ndf6 8. Be2 gxh4 9. Bxh5 h3 10. Bf3 hxg2 11. Bxg2 Rg8 12. Bf3 c6 13. Nc3 Bf5 14. Nde4 Nxe4 15. Nxe4 Qb6 16. Ng3 Bd7 17. Qd3 Qxb2 18. O-O Qb6 19. Rab1 Qc7 20. Rb3 d5 21. c4 e6 22. cxd5 cxd5 23. e4 dxe4 24. Bxe4 Bc6 25. Rfb1 Bxe4 26. Qxe4 Qc6 27. d5 Qxd5 28. Qxd5 exd5 29. Rxb7 Bc5 30. R1b5 Bb6 31. Rxd5 Rg6 32. Kg2 Rd8 33. Rxd8+ Bxd8 34. Rxa7 Bh4 35. Kh3 Bxg3 36. hxg3 Rc6 37. f4 Kf8 38. a4 Rc4 39. Ra8+ Kg7 40. a5 Ra4 41. Kg4 Ra3 42. a6 Kf6 43. a7 Ra1 44. Rh8 Rxa7 45. Rxh6+ Kg7 46. Rb6 Ra5 47. Rb7 Kg6 48. Rb8 f6 49. Rb6 Rc5 50. Rb8 1/2-1/2

[Event "EYCC Open-U16 2019"]
[Site "Bratislava"]
[Date "2019.08.08"]
[Round "7.19"]
[White "Olsen, Filip Boe"]
[Black "Marn, Jan"]
[Result "1/2-1/2"]
[ECO "A13"]
[WhiteElo "2383"]
[BlackElo "2215"]
[Annotator "NA"]
[PlyCount "78"]
[EventDate "2019.08.02"]
[EventType "swiss"]
[EventCountry "SVK"]
[SourceTitle "playchess.com"]
[Source "ChessBase"]
[SourceQuality "1"]
[TimeControl "40/5400+30:1800+30"]

1. c4 e6 2. g3 d5 3. Bg2 Nf6 4. Nf3 c6 5. Qc2 Nbd7 6. d4 Bb4+ 7. Bd2 Bd6 8. O-O O-O 9. Bg5 h6 10. Bxf6 Qxf6 11. Nbd2 dxc4 12. Ne4 Qf5 13. Nfd2 e5 14. Nxc4 Be7 15. Ne3 Qe6 16. Nc5 Nxc5 17. dxc5 f5 18. b4 a5 19. a3 e4 20. Nc4 axb4 21. axb4 Rxa1 22. Rxa1 Rd8 23. e3 Bf8 24. Bf1 Kh8 25. Ra8 Qe8 26. Rb8 Qe7 27. Qc3 Be6 28. Rxd8 Qxd8 29. Qe5 Bxc4 30. Bxc4 Qd1+ 31. Bf1 Qd7 32. Qb8 Qe7 33. Bc4 Kh7 34. Qc8 g6 35. Be6 h5 36. Kg2 Bg7 37. Bd7 Qg5 38. Qxb7 Qg4 39. Bxc6 Qf3+ 1/2-1/2

[Event "EYCC Open-U16 2019"]
[Site "Bratislava"]
[Date "2019.08.08"]
[Round "7.20"]
[White "Kasioumis, Vasilios"]
[Black "Sorensen, Hampus"]
[Result "1/2-1/2"]
[ECO "C54"]
[WhiteElo "2015"]
[BlackElo "2352"]
[Annotator "NA"]
[PlyCount "99"]
[EventDate "2019.08.02"]
[EventType "swiss"]
[EventCountry "SVK"]
[SourceTitle "playchess.com"]
[Source "ChessBase"]
[SourceQuality "1"]
[TimeControl "40/5400+30:1800+30"]

1. e4 e5 2. Nf3 Nc6 3. Bc4 Bc5 4. c3 Nf6 5. d3 d6 6. O-O a5 7. a4 O-O 8. Bg5 h6 9. Bh4 Be6 10. Nbd2 Ba7 11. Qb3 Qc8 12. Bxf6 gxf6 13. Nh4 Ne7 14. Bxe6 fxe6 15. Qd1 Kh7 16. Kh1 f5 17. Qe2 Qd7 18. Nc4 Rg8 19. h3 f4 20. b3 Nc6 21. Rad1 Qg7 22. Rg1 d5 23. Nd2 d4 24. c4 Bc5 25. g3 Qe7 26. Ndf3 fxg3 27. Rxg3 Rxg3 28. fxg3 Rf8 29. Rf1 Qg7 30. Kh2 Be7 31. Ng2 Nb8 32. Nd2 Nd7 33. h4 Bb4 34. Rxf8 Qxf8 35. Nf3 Qg7 36. Kh3 Nc5 37. Qd1 Qf6 38. Nh2 Nd7 39. Ng4 Qf7 40. Qc1 Bf8 41. Qd2 b6 42. Qd1 h5 43. Nh2 Bh6 44. g4 hxg4+ 45. Nxg4 Bg7 46. Kg3 Kg8 47. Qc1 Qg6 48. Kh3 Qf7 49. Kg3 Qg6 50. Kh3 1/2-1/2

[Event "EYCC Open-U16 2019"]
[Site "Bratislava"]
[Date "2019.08.08"]
[Round "7.21"]
[White "Boyer, Mahel"]
[Black "Gavrilin, Roman"]
[Result "1/2-1/2"]
[ECO "B20"]
[WhiteElo "2295"]
[BlackElo "2131"]
[Annotator "NA"]
[PlyCount "82"]
[EventDate "2019.08.02"]
[EventType "swiss"]
[EventCountry "SVK"]
[SourceTitle "playchess.com"]
[Source "ChessBase"]
[SourceQuality "1"]
[TimeControl "40/5400+30:1800+30"]

1. e4 c5 2. d3 Nc6 3. g3 d5 4. Nd2 Nf6 5. Bg2 g6 6. Ngf3 Bg7 7. O-O O-O 8. c3 e5 9. a3 dxe4 10. dxe4 Qc7 11. Qe2 h6 12. b4 b6 13. Rd1 Be6 14. h3 Rfd8 15. Qe3 c4 16. Bf1 b5 17. a4 a6 18. Bb2 Bf8 19. Rdc1 Nd7 20. a5 Nf6 21. Kh2 Rd7 22. Be2 Rad8 23. Rg1 Bg7 24. Nf1 Nh7 25. Qc1 Qa7 26. Rg2 Nf6 27. Qc2 Rd6 28. Bc1 Qd7 29. Be3 Bxh3 30. Rg1 Ng4+ 31. Kh1 Bxf1 32. Bxf1 Nxe3 33. fxe3 Qg4 34. Nh2 Qg5 35. Qf2 Qf6 36. Nf3 Rd1 37. Bh3 Rxa1 38. Rxa1 Rd6 39. Rf1 Nd8 40. Qe2 Qe7 41. Rd1 Bf6 1/2-1/2

[Event "EYCC Open-U16 2019"]
[Site "Bratislava"]
[Date "2019.08.08"]
[Round "7.22"]
[White "Geher, Koppany"]
[Black "Vorisek, Jakub"]
[Result "1-0"]
[ECO "B37"]
[WhiteElo "2211"]
[BlackElo "2071"]
[Annotator "NA"]
[PlyCount "53"]
[EventDate "2019.08.02"]
[EventType "swiss"]
[EventCountry "SVK"]
[SourceTitle "playchess.com"]
[Source "ChessBase"]
[SourceQuality "1"]
[TimeControl "40/5400+30:1800+30"]

1. e4 c5 2. Nf3 Nc6 3. d4 cxd4 4. Nxd4 g6 5. c4 Bg7 6. Nc2 Nf6 7. Nc3 d6 8. Be2 O-O 9. O-O Be6 10. f4 Rc8 11. Be3 Qd7 12. Qd2 Rfd8 13. Rae1 Ne8 14. b3 b6 15. Nd4 Nxd4 16. Bxd4 Bg4 17. Bxg4 Qxg4 18. Nd5 Qd7 19. Bxg7 Nxg7 20. f5 Ne8 21. fxg6 hxg6 22. Qg5 Rc7 23. Re3 Rb7 24. Rh3 Ng7 25. Qh6 Nh5 26. Rxh5 gxh5 27. Rf5 1-0

[Event "EYCC Open-U16 2019"]
[Site "Bratislava"]
[Date "2019.08.08"]
[Round "7.23"]
[White "Ceres, Dragos"]
[Black "Barak, David"]
[Result "1-0"]
[ECO "B17"]
[WhiteElo "2266"]
[BlackElo "2015"]
[Annotator "NA"]
[PlyCount "79"]
[EventDate "2019.08.02"]
[EventType "swiss"]
[EventCountry "SVK"]
[SourceTitle "playchess.com"]
[Source "ChessBase"]
[SourceQuality "1"]
[TimeControl "40/5400+30:1800+30"]

1. e4 c6 2. d4 d5 3. Nd2 dxe4 4. Nxe4 Nd7 5. Qe2 e6 6. Bf4 Ndf6 7. c3 Nxe4 8. Qxe4 Nf6 9. Qc2 Bd6 10. Bg3 b6 11. Nf3 Bb7 12. Bd3 Qc7 13. O-O h6 14. a4 O-O 15. Rad1 Rac8 16. Qe2 Rfd8 17. a5 c5 18. axb6 axb6 19. dxc5 Qxc5 20. Rfe1 Bxg3 21. hxg3 Rd5 22. Nd4 Rcd8 23. Bc4 R5d6 24. Bb3 Nd5 25. Ra1 Ra8 26. Rxa8+ Bxa8 27. Ra1 Rd8 28. Ra7 Nf6 29. Rxf7 Rxd4 30. Rxf6 Re4 31. Bxe6+ Kh8 32. Qd2 Re1+ 33. Qxe1 gxf6 34. Qd2 Qf8 35. Qe3 b5 36. Qb6 Qe8 37. Bf5 Qc6 38. Qd8+ Kg7 39. Qe7+ Kg8 40. Be6+ 1-0

[Event "EYCC Open-U16 2019"]
[Site "Bratislava"]
[Date "2019.08.08"]
[Round "7.24"]
[White "Fojt, Petr"]
[Black "Briem, Stephan"]
[Result "1-0"]
[ECO "B01"]
[WhiteElo "2140"]
[BlackElo "2223"]
[Annotator "NA"]
[PlyCount "75"]
[EventDate "2019.08.02"]
[EventType "swiss"]
[EventCountry "SVK"]
[SourceTitle "playchess.com"]
[Source "ChessBase"]
[SourceQuality "1"]
[TimeControl "40/5400+30:1800+30"]

1. e4 d5 2. exd5 Qxd5 3. Nc3 Qd6 4. d4 Nf6 5. Nf3 c6 6. h3 Bf5 7. g4 Bg6 8. Ne5 Nbd7 9. f4 e6 10. Bg2 Nd5 11. O-O Nxc3 12. bxc3 Nxe5 13. fxe5 Qd7 14. Rb1 Be7 15. Bf4 O-O 16. Qe2 Rac8 17. Bg3 b6 18. h4 h6 19. Rbd1 b5 20. Kh2 Qd8 21. Kh3 Qa5 22. Qe3 b4 23. Bf4 Qa3 24. Rf3 h5 25. gxh5 Bf5+ 26. Kh2 Qxc3 27. Qf2 Qxc2 28. Rd2 Qb1 29. Qg3 Kh7 30. Rf1 Qxf1 31. Bxf1 c5 32. Bd3 Bxd3 33. Qxd3+ Kh8 34. Rg2 c4 35. Qg3 Rg8 36. Bg5 Bf8 37. Bf6 Kh7 38. Qg4 1-0

[Event "EYCC Open-U16 2019"]
[Site "Bratislava"]
[Date "2019.08.08"]
[Round "7.25"]
[White "Ivanovic, Marko"]
[Black "Fernandez Garcia, Gumersindo"]
[Result "1/2-1/2"]
[ECO "A45"]
[WhiteElo "2267"]
[BlackElo "2011"]
[Annotator "NA"]
[PlyCount "104"]
[EventDate "2019.08.02"]
[EventType "swiss"]
[EventCountry "SVK"]
[SourceTitle "playchess.com"]
[Source "ChessBase"]
[SourceQuality "1"]
[TimeControl "40/5400+30:1800+30"]

1. d4 Nf6 2. Bg5 e6 3. Nd2 c5 4. e3 h6 5. Bh4 d5 6. c3 Nbd7 7. Bd3 Be7 8. f4 b6 9. Nh3 Bb7 10. Nf2 Ng8 11. Bg3 f5 12. Qh5+ Kf8 13. O-O Qe8 14. Qe2 g6 15. Nf3 Qd8 16. e4 Ndf6 17. exf5 exf5 18. Ne5 Kg7 19. Rad1 c4 20. Bb1 b5 21. b3 a6 22. Rde1 Rc8 23. Bh4 cxb3 24. axb3 Ne4 25. Bxe7 Nxe7 26. g4 Nxc3 27. Qf3 Nxb1 28. Rxb1 h5 29. gxh5 Rxh5 30. Nfd3 Rc3 31. Qg2 Qh8 32. Rbc1 Rxc1 33. Rxc1 Qd8 34. Nc5 Bc8 35. b4 Rh6 36. Qe2 Qd6 37. Kh1 Rh3 38. Re1 Ng8 39. Rg1 Rh6 40. Ncd3 Nf6 41. Qc2 Bb7 42. Rc1 Rh7 43. Nc5 Bc8 44. Qg2 Ng4 45. Nxg4 fxg4 46. Rf1 Qf6 47. Qxd5 g3 48. Qe5 Rxh2+ 49. Kg1 Qxe5 50. fxe5 Bh3 51. Rf3 Rg2+ 52. Kh1 Rh2+ 1/2-1/2

[Event "EYCC Open-U16 2019"]
[Site "Bratislava"]
[Date "2019.08.08"]
[Round "7.26"]
[White "Silich, Yahor"]
[Black "Suvorov, Alexander"]
[Result "0-1"]
[ECO "B40"]
[WhiteElo "2100"]
[BlackElo "2333"]
[Annotator "NA"]
[PlyCount "104"]
[EventDate "2019.08.02"]
[EventType "swiss"]
[EventCountry "SVK"]
[SourceTitle "playchess.com"]
[Source "ChessBase"]
[SourceQuality "1"]
[TimeControl "40/5400+30:1800+30"]

1. e4 c5 2. Nf3 e6 3. Nc3 a6 4. g3 b5 5. Bg2 Bb7 6. d4 cxd4 7. Nxd4 Nf6 8. O-O b4 9. Na4 Bxe4 10. Bxe4 Nxe4 11. Re1 Nc5 12. c3 Nxa4 13. Qxa4 Qb6 14. Be3 Bc5 15. Nc2 bxc3 16. bxc3 Bxe3 17. Nxe3 O-O 18. Rab1 Qc7 19. Nc4 Nc6 20. Rb6 a5 21. Reb1 Rfb8 22. R1b5 Rxb6 23. Nxb6 Rb8 24. Nc4 h6 25. h4 f5 26. Qb3 Rxb5 27. Qxb5 f4 28. Kg2 fxg3 29. fxg3 Ne7 30. Ne3 Qxc3 31. Qxd7 Qxe3 32. Qxe7 Qe2+ 33. Kh3 Qxa2 34. h5 Kh7 35. Qf7 Qb1 36. Qxe6 a4 37. Qa6 Qf5+ 38. Kg2 Qd5+ 39. Kf2 Qc5+ 40. Kg2 Qd5+ 41. Kf2 Qc5+ 42. Kg2 a3 43. Qg6+ Kg8 44. Qe4 Kf8 45. g4 Qa5 46. Qf3+ Ke7 47. Qb7+ Kf6 48. Qf3+ Kg5 49. Kg3 Qe5+ 50. Kh3 a2 51. Qh1 a1=Q 52. Qa8 Qf1+ 0-1

[Event "EYCC Open-U16 2019"]
[Site "Bratislava"]
[Date "2019.08.08"]
[Round "7.27"]
[White "Fecker, Noah"]
[Black "Grutter, Tim"]
[Result "1-0"]
[ECO "B49"]
[WhiteElo "2313"]
[BlackElo "2091"]
[Annotator "NA"]
[PlyCount "117"]
[EventDate "2019.08.02"]
[EventType "swiss"]
[EventCountry "SVK"]
[SourceTitle "playchess.com"]
[Source "ChessBase"]
[SourceQuality "1"]
[TimeControl "40/5400+30:1800+30"]

1. e4 c5 2. Nf3 e6 3. d4 cxd4 4. Nxd4 Nc6 5. Nc3 Qc7 6. Be2 a6 7. Be3 Nf6 8. O-O Bb4 9. Nxc6 bxc6 10. f4 Bxc3 11. bxc3 Nxe4 12. Bd3 Nf6 13. Qf3 d5 14. Bd4 c5 15. Be5 Qe7 16. Qg3 O-O 17. Rf3 h6 18. Qh4 Ra7 19. Rg3 Kh8 20. Re1 d4 21. cxd4 cxd4 22. Bxd4 Rd8 23. Bxa7 Qxa7+ 24. Kf1 Rd4 25. Rf3 Bb7 26. Rf2 Qc5 27. Qg3 Be4 28. Kg1 Qd5 29. Rd2 Nh5 30. Qf2 Bxd3 31. Rxd3 Rxd3 32. cxd3 Qxd3 33. Rc1 g6 34. Kh1 Qe4 35. Qf3 Qa4 36. Qc3+ Kh7 37. Qc4 Qa5 38. Qc7 Qf5 39. Qe5 Qd3 40. Qc7 Qf5 41. Qc4 a5 42. a4 Nf6 43. Qd4 Nd5 44. h3 g5 45. g4 Qxf4 46. Qxf4 gxf4 47. Rc5 Kg6 48. Rxa5 Nc3 49. Kg2 e5 50. Ra8 e4 51. a5 Kg5 52. a6 f3+ 53. Kf1 e3 54. Re8 e2+ 55. Kf2 Kf4 56. a7 Nd1+ 57. Ke1 Kg3 58. a8=Q Nc3 59. Qa7 1-0

[Event "EYCC Open-U16 2019"]
[Site "Bratislava"]
[Date "2019.08.08"]
[Round "7.28"]
[White "Nagy, Ladislav"]
[Black "Turcan, Richard"]
[Result "1/2-1/2"]
[ECO "B25"]
[WhiteElo "2061"]
[BlackElo "2232"]
[Annotator "NA"]
[PlyCount "184"]
[EventDate "2019.08.02"]
[EventType "swiss"]
[EventCountry "SVK"]
[SourceTitle "playchess.com"]
[Source "ChessBase"]
[SourceQuality "1"]
[TimeControl "40/5400+30:1800+30"]

1. e4 c5 2. Nc3 Nc6 3. g3 g6 4. Bg2 Bg7 5. d3 d6 6. f4 f5 7. Nf3 Nf6 8. O-O O-O 9. Kh1 Kh8 10. Be3 Be6 11. Qd2 Bg8 12. Bg1 Qd7 13. Rae1 Rae8 14. b3 b6 15. Nh4 e6 16. Nd1 Rc8 17. c3 Rfd8 18. Nb2 d5 19. e5 Ne8 20. Nf3 Bf8 21. Rb1 Nc7 22. Rfc1 Bf7 23. Bf1 Be8 24. Ra1 Qg7 25. Nd1 h6 26. a3 g5 27. d4 g4 28. Ne1 Na5 29. Rcb1 cxd4 30. Bxd4 Bb5 31. Bxb5 Nxb5 32. Nc2 Qb7 33. a4 Nc7 34. Nce3 Na6 35. b4 Nc4 36. Qd3 Nb8 37. Kg1 Nc6 38. Nc2 Qd7 39. Bf2 Rc7 40. Nd4 Nxd4 41. Bxd4 Rdc8 42. Ne3 Nxe3 43. Qxe3 a6 44. Qd3 Rc4 45. Rb3 Qb7 46. Qe3 Rb8 47. Qf2 Kg8 48. Ra2 Qc7 49. Rab2 Be7 50. Kg2 Bd8 51. Qe2 Qg7 52. Ra3 h5 53. h4 gxh3+ 54. Kxh3 Qg6 55. Qf3 Rb7 56. Rh2 a5 57. Rb2 Be7 58. Bf2 axb4 59. cxb4 Rxb4 60. Rab3 Rxa4 61. Rxb6 Rxb6 62. Rxb6 Qg4+ 63. Qxg4+ hxg4+ 64. Kg2 Ra2 65. Rb8+ Kf7 66. Kf1 Rc2 67. Bd4 Rc4 68. Bf2 Rc1+ 69. Ke2 Rc2+ 70. Kf1 Bc5 71. Bxc5 Rxc5 72. Rd8 Ke7 73. Rd6 Rc3 74. Kf2 Rc2+ 75. Kf1 Rd2 76. Kg1 Rd3 77. Kf2 Rc3 78. Kg2 Rc2+ 79. Kf1 Rd2 80. Kg1 Ra2 81. Kf1 Ra3 82. Kg2 Ra7 83. Kf2 Rd7 84. Ra6 d4 85. Ke2 Rd5 86. Ra7+ Rd7 87. Rxd7+ Kxd7 88. Kd3 Kc6 89. Kxd4 Kb5 90. Kd3 Kb4 91. Kd4 Kb5 92. Kd3 Kb4 {[%emt 0:00:11] Ke4} 1/2-1/2

[Event "EYCC Open-U16 2019"]
[Site "Bratislava"]
[Date "2019.08.08"]
[Round "7.29"]
[White "Sjoberg, Isak"]
[Black "Ampelakiotis, Stavros"]
[Result "1-0"]
[ECO "B40"]
[WhiteElo "2182"]
[BlackElo "2080"]
[Annotator "NA"]
[PlyCount "99"]
[EventDate "2019.08.02"]
[EventType "swiss"]
[EventCountry "SVK"]
[SourceTitle "playchess.com"]
[Source "ChessBase"]
[SourceQuality "1"]
[TimeControl "40/5400+30:1800+30"]

1. e4 c5 2. Nf3 e6 3. b3 Nf6 4. e5 Nd5 5. Bb2 Nc6 6. Bb5 Be7 7. Bxc6 bxc6 8. O-O O-O 9. d4 cxd4 10. Nxd4 f6 11. c4 Nf4 12. Ne2 fxe5 13. Bxe5 Nxe2+ 14. Qxe2 d6 15. Rd1 Qc7 16. Bg3 e5 17. c5 Bf5 18. cxd6 Bxd6 19. Nd2 e4 20. Nxe4 Bxg3 21. Nxg3 Rae8 22. Qc4+ Be6 23. Qc2 Rd8 24. Re1 Bd5 25. Rac1 Rde8 26. Rxe8 Rxe8 27. Nf1 Be4 28. Qc4+ Qf7 29. Qd4 Qd5 30. Qxa7 Bxg2 31. Ne3 Qg5 32. h4 Qxh4 33. Nxg2 Qg5 34. f4 Qg4 35. Qc5 Re6 36. Qc4 Kh8 37. Qd3 h6 38. Rf1 Re2 39. Qf3 Qe6 40. f5 Qe5 41. f6 Qc5+ 42. Kh1 Re5 43. fxg7+ Kxg7 44. Qf7+ Kh8 45. Nf4 Rg5 46. Ng6+ Rxg6 47. Qxg6 Qd5+ 48. Qg2 Qh5+ 49. Kg1 Qc5+ 50. Rf2 1-0

[Event "EYCC Open-U16 2019"]
[Site "Bratislava"]
[Date "2019.08.08"]
[Round "7.30"]
[White "Carlsson, Ludvig"]
[Black "Stremavicius, Pijus"]
[Result "0-1"]
[ECO "A41"]
[WhiteElo "2218"]
[BlackElo "2071"]
[Annotator "NA"]
[PlyCount "96"]
[EventDate "2019.08.02"]
[EventType "swiss"]
[EventCountry "SVK"]
[SourceTitle "playchess.com"]
[Source "ChessBase"]
[SourceQuality "1"]
[TimeControl "40/5400+30:1800+30"]

1. d4 d6 2. Nf3 g6 3. c4 Bg7 4. Nc3 e5 5. g3 Ne7 6. Bg2 O-O 7. O-O exd4 8. Nxd4 Nbc6 9. Nxc6 Nxc6 10. Bd2 Be6 11. b3 Qd7 12. Nd5 Ne7 13. Rc1 c6 14. Nxe7+ Qxe7 15. Bb4 Rfd8 16. Qd2 c5 17. Ba5 Rd7 18. Rfd1 f5 19. h4 Rf8 20. e3 Qf7 21. Bc3 Rfd8 22. Qe2 b6 23. Bc6 Rc7 24. Bd5 Bxd5 25. Rxd5 h5 26. Bxg7 Kxg7 27. Rcd1 Qe6 28. Qf3 Rcd7 29. Qf4 Qe7 30. R1d2 Qe6 31. R2d3 Qe7 32. Rd1 Qe6 33. Kf1 Qe7 34. R1d3 Qe6 35. Rd2 Qe7 36. Rd1 Qe6 37. R1d2 Qe7 38. Ke2 Qe6 39. Qg5 Qf6 40. Qxf6+ Kxf6 41. Kf3 Ke7 42. Kf4 Rf8 43. Kg5 Rf6 44. Re5+ Kf7 45. Re8 Re6 46. Rxe6 Kxe6 47. Kxg6 Rd8 48. Kxh5 Kf6 0-1

[Event "EYCC Open-U16 2019"]
[Site "Bratislava"]
[Date "2019.08.08"]
[Round "7.31"]
[White "Torngren, Gustav"]
[Black "Bin-Suhayl, Ieysaa"]
[Result "1-0"]
[ECO "A05"]
[WhiteElo "2109"]
[BlackElo "2084"]
[Annotator "NA"]
[PlyCount "55"]
[EventDate "2019.08.02"]
[EventType "swiss"]
[EventCountry "SVK"]
[SourceTitle "playchess.com"]
[Source "ChessBase"]
[SourceQuality "1"]
[TimeControl "40/5400+30:1800+30"]

1. Nf3 Nf6 2. c4 c5 3. g3 Nc6 4. Bg2 d6 5. Nc3 g6 6. O-O Bg7 7. a3 O-O 8. Rb1 d5 9. cxd5 Nxd5 10. Nxd5 Qxd5 11. d3 b6 12. Nd2 Qd7 13. Nc4 Bb7 14. Be3 Rfc8 15. b4 b5 16. Nd2 cxb4 17. axb4 Bc3 18. Bc5 a5 19. bxa5 Rxa5 20. Be3 b4 21. Nc4 Ra2 22. Nb6 Qe6 23. Bd5 Qh3 24. Nxc8 Ne5 25. Nxe7+ Kf8 26. f3 Kxe7 27. Bxb7 Nxf3+ 28. Bxf3 1-0

[Event "EYCC Open-U16 2019"]
[Site "Bratislava"]
[Date "2019.08.08"]
[Round "7.32"]
[White "Bettalli, Francesco"]
[Black "Minko, Dmitry"]
[Result "1/2-1/2"]
[ECO "D30"]
[WhiteElo "2095"]
[BlackElo "2061"]
[Annotator "NA"]
[PlyCount "49"]
[EventDate "2019.08.02"]
[EventType "swiss"]
[EventCountry "SVK"]
[SourceTitle "playchess.com"]
[Source "ChessBase"]
[SourceQuality "1"]
[TimeControl "40/5400+30:1800+30"]

1. d4 d5 2. c4 e6 3. Nf3 Nf6 4. e3 Be7 5. b3 O-O 6. Bb2 b6 7. Bd3 Bb7 8. Nbd2 c5 9. O-O Nbd7 10. Ne5 cxd4 11. exd4 dxc4 12. Ndxc4 b5 13. Nxd7 Nxd7 14. Qh5 f5 15. Nd2 a6 16. Qe2 Rf6 17. Nf3 Bd6 18. Ne5 Nxe5 19. dxe5 Rg6 20. f3 Bc5+ 21. Kh1 Rh6 22. g3 Qb6 23. Kg2 g5 24. h3 Rf8 25. Kh2 1/2-1/2

[Event "EYCC Open-U16 2019"]
[Site "Bratislava"]
[Date "2019.08.08"]
[Round "7.33"]
[White "Lomandong, Marc-Antoine"]
[Black "Kochavi, Ori"]
[Result "0-1"]
[ECO "A45"]
[WhiteElo "2073"]
[BlackElo "2153"]
[Annotator "NA"]
[PlyCount "72"]
[EventDate "2019.08.02"]
[EventType "swiss"]
[EventCountry "SVK"]
[SourceTitle "playchess.com"]
[Source "ChessBase"]
[SourceQuality "1"]
[TimeControl "40/5400+30:1800+30"]

1. d4 Nf6 2. Bf4 c5 3. e3 Nd5 4. Bg3 Qb6 5. Nc3 Nxc3 6. bxc3 e6 7. a4 Nc6 8. a5 Nxa5 9. Rb1 Qc6 10. Nf3 cxd4 11. Qxd4 Qc5 12. Qd3 a6 13. Be2 Nc6 14. O-O Be7 15. Nd2 Ne5 16. Bxe5 Qxe5 17. Nc4 Qc7 18. Nb6 Rb8 19. f4 f5 20. Kh1 Bc5 21. Nxc8 Rxc8 22. e4 O-O 23. Bf3 b5 24. exf5 exf5 25. Bd5+ Kh8 26. Rf3 Rce8 27. Rbf1 Rf6 28. Rh3 h6 29. Rh5 Re3 30. Qd1 Rxc3 31. Bb3 Qd6 32. Qa1 Bb4 33. Rd1 Qe7 34. Bd5 Rxc2 35. Qb1 Rd2 36. Rc1 Rxd5 0-1

[Event "EYCC Open-U16 2019"]
[Site "Bratislava"]
[Date "2019.08.08"]
[Round "7.34"]
[White "Palczert, Botond"]
[Black "Novotny, Martin"]
[Result "1-0"]
[ECO "A58"]
[WhiteElo "2022"]
[BlackElo "2178"]
[Annotator "NA"]
[PlyCount "65"]
[EventDate "2019.08.02"]
[EventType "swiss"]
[EventCountry "SVK"]
[SourceTitle "playchess.com"]
[Source "ChessBase"]
[SourceQuality "1"]
[TimeControl "40/5400+30:1800+30"]

1. d4 Nf6 2. c4 c5 3. d5 b5 4. cxb5 a6 5. bxa6 g6 6. Nc3 Bg7 7. e4 O-O 8. e5 Ne8 9. h4 d6 10. e6 fxe6 11. h5 Nf6 12. hxg6 Bxa6 13. gxh7+ Kh8 14. Nh3 Nxd5 15. Nxd5 exd5 16. Qxd5 Nd7 17. Ng5 e6 18. Nxe6 Re8 19. Bxa6 Qa5+ 20. Bd2 Qxa6 21. O-O-O Rxe6 22. Qxe6 Rb8 23. Bc3 Bxc3 24. bxc3 Qa3+ 25. Kd2 Qb2+ 26. Ke1 Rf8 27. f3 Nf6 28. Kf1 Qxc3 29. Qxd6 Re8 30. Rh6 Nxh7 31. Rxh7+ Kxh7 32. Qd7+ Kh6 33. Rd6+ 1-0

[Event "EYCC Open-U16 2019"]
[Site "Bratislava"]
[Date "2019.08.08"]
[Round "7.35"]
[White "Melaa, Sondre"]
[Black "Jirousek, Jan"]
[Result "1/2-1/2"]
[ECO "C10"]
[WhiteElo "2118"]
[BlackElo "1924"]
[Annotator "NA"]
[PlyCount "178"]
[EventDate "2019.08.02"]
[EventType "swiss"]
[EventCountry "SVK"]
[SourceTitle "playchess.com"]
[Source "ChessBase"]
[SourceQuality "1"]
[TimeControl "40/5400+30:1800+30"]

1. e4 e6 2. d4 d5 3. Nd2 dxe4 4. Nxe4 Nd7 5. Nf3 Ngf6 6. Nxf6+ Nxf6 7. Bd3 Be7 8. O-O O-O 9. c3 b6 10. Qe2 Bb7 11. a4 a5 12. Bf4 Nd5 13. Bg3 Qc8 14. Ne5 Ba6 15. c4 Nb4 16. Be4 Bb7 17. Rad1 Bxe4 18. Qxe4 c6 19. b3 Qb7 20. f4 g6 21. Be1 Rac8 22. Ng4 Qc7 23. Bc3 h5 24. Ne5 Kh7 25. Rf3 f5 26. Qe2 Rf6 27. Re3 Bd6 28. g3 Bxe5 29. Rxe5 Qd6 30. Re1 Re8 31. Qd2 Rd8 32. R1e2 Na6 33. d5 cxd5 34. cxd5 Nc7 35. dxe6 Rxe6 36. Rxe6 Nxe6 37. Qe1 Nd4 38. Re7+ Kh6 39. Qe3 Qc5 40. Kf2 Qd6 41. Re8 Nc6 42. Rxd8 Qxd8 43. Qe6 Nb4 44. Qf7 h4 45. Qg7+ Kh5 46. Qh7+ Kg4 47. Qxg6+ Kh3 48. gxh4 Qxh4+ 49. Qg3+ Qxg3+ 50. hxg3 Nd3+ 51. Kf3 Nc5 52. Bd4 Nxb3 53. Bxb6 Nd2+ 54. Kf2 Nc4 55. Bd4 Kg4 56. Ke2 Kxg3 57. Kd3 Nd6 58. Be5 Ne4 59. Kc4 Nd2+ 60. Kb5 Nb3 61. Kc4 Nd2+ 62. Kd5 Nb3 63. Bc7 Kf3 64. Kc4 Nd2+ 65. Kc3 Ne4+ 66. Kd4 Nd2 67. Kd3 Ne4 68. Kc4 Nd2+ 69. Kb5 Nb3 70. Bd6 Ke4 71. Kc4 Nd2+ 72. Kc3 Kd5 73. Bc7 Nc4 74. Bd8 Kc5 75. Bf6 Kd5 76. Bd8 Kc5 77. Be7+ Kd5 78. Bf6 Nb6 79. Kb3 Nc4 80. Bc3 Kc5 81. Be1 Kd5 82. Bf2 Nd2+ 83. Kc2 Nc4 84. Kc3 Nd6 85. Kd3 Ne4 86. Bd4 Nc5+ 87. Bxc5 Kxc5 88. Kc3 Kd5 89. Kd3 Kc5 {[%emt 0:00:08] Ke4} 1/2-1/2

[Event "EYCC Open-U16 2019"]
[Site "Bratislava"]
[Date "2019.08.08"]
[Round "7.36"]
[White "Iliaguev, Daniel"]
[Black "Sismeiro, Miguel"]
[Result "1/2-1/2"]
[ECO "D79"]
[WhiteElo "2053"]
[BlackElo "2103"]
[Annotator "NA"]
[PlyCount "41"]
[EventDate "2019.08.02"]
[EventType "swiss"]
[EventCountry "SVK"]
[SourceTitle "playchess.com"]
[Source "ChessBase"]
[SourceQuality "1"]
[TimeControl "40/5400+30:1800+30"]

1. c4 Nf6 2. g3 c6 3. Bg2 d5 4. cxd5 cxd5 5. Nf3 g6 6. O-O Bg7 7. d4 O-O 8. Nc3 Ne4 9. Qb3 Nxc3 10. bxc3 Nc6 11. Nd2 e6 12. e4 Na5 13. Qc2 b6 14. Re1 Bb7 15. exd5 exd5 16. Ba3 Re8 17. Bb4 Nc6 18. Ba3 Na5 19. Bb4 Nc6 20. Ba3 Na5 21. Bb4 1/2-1/2